 Dungeon Crawl Stone Soup version 0.24-a0-205-g1d96822 (webtiles) character file.

Game seed: 15199827813808193180

5728 Azzok the Grappler (level 10, -7/88 HPs)
             Began as a Troll Fighter on Mar 28, 2019.
             Was a High Priest of Cheibriados.
             Mangled by a wyvern (14 damage)
             ... on level 8 of the Dungeon.
             The game lasted 00:09:31 (5984 turns).

Azzok the Grappler (Troll Fighter)                  Turns: 5984, Time: 00:09:32

Health: -7/88      AC:  7    Str: 40    XL:     10   Next: 48%
Magic:  15/15      EV: 11    Int: 15    God:    Cheibriados [*****.]
Gold:   388        SH: 13    Dex: 20    Spells: 9/9 levels left

rFire    . . .     SeeInvis .     - Unarmed
rCold    . . .     Gourm    +   b - +0 shield
rNeg     . . .     Faith    .   a - +0 robe
rPois    .         Spirit   .   (helmet restricted)
rElec    .         Reflect  .   s - +0 cloak
rCorr    .         Harm     .   (gloves unavailable)
MR       .....                  (boots unavailable)
Stlth    ++........             (no amulet)
HPRegen  0.64/turn              e - ring of flight (curse)
MPRegen  0.14/turn              z - ring of wizardry

@: very slow
A: large, unfitting armour, claws 3, fast metabolism 3, gourmand, regeneration
1, shaggy fur 1, tough skin 3
a: Bend Time, Temporal Distortion, Slouch, Step From Time, Renounce Religion,
Evoke Flight


You were on level 8 of the Dungeon.
You worshipped Cheibriados.
Cheibriados was extremely pleased with you.
You were completely stuffed.

You visited 1 branch of the dungeon, and saw 8 of its levels.

You collected 430 gold pieces.
You spent 42 gold pieces at shops.

Inventory:

Missiles
 v - 3 throwing nets (quivered)
Armour
 a - a +0 robe (worn)
 b - a +0 shield (worn)
 s - a +0 cloak (worn)
Jewellery
 e - a cursed ring of flight (left claw)
 z - a ring of wizardry (right claw)
 C - an uncursed ring of wizardry
Wands
 c - a wand of enslavement (1)
Scrolls
 g - a scroll of enchant armour {unknown}
 k - 4 scrolls of remove curse
 l - 3 scrolls of immolation {unknown}
 o - a scroll of magic mapping {unknown}
 p - 7 scrolls of teleportation
 r - 2 scrolls of random uselessness {unknown}
 u - a scroll of enchant weapon {unknown}
 x - a scroll of fog {unknown}
 y - a scroll of fear {unknown}
 A - a scroll of identify
Potions
 f - 2 potions of flight
 h - 2 potions of invisibility {unknown}
 i - 2 potions of mutation {unknown}
 j - 5 potions of berserk rage {unknown}
 m - 2 potions of ambrosia {unknown}
 n - 2 potions of resistance
 q - a potion of curing
 t - a potion of cancellation
 w - a potion of brilliance
Comestibles
 d - 15 rations
 B - 8 chunks of flesh


   Skills:
 - Level 2.4 Fighting
 - Level 2.4 Dodging
 + Level 8.2 Shields
 + Level 9.4 Unarmed Combat
 + Level 8.1 Invocations


You had 9 spell levels left.
You didn't know any spells.
Your spell library was empty.

Dungeon Overview and Level Annotations

Branches:
Dungeon (8/15)             Temple (0/1) D:5            Lair (0/6) D:8

Altars:
Cheibriados
Elyvilon
Gozag
Nemelex Xobeh
Okawaru
Sif Muna
Wu Jian
Zin

Shops:
D:6 *:==   D:7 %*


Innate Abilities, Weirdness & Mutations

You are too large for most types of armour.
You have claws for hands.
Your metabolism is lightning-fast.
You like to eat raw meat.
Your natural rate of healing is unusually fast.
You are covered in fur. (AC +1)
You have extremely tough skin. (AC +3)


Message History

You mangle the two-headed ogre!!
You kill the two-headed ogre!
Cheibriados thoroughly appreciates the change of pace.
Your Shields skill increases to level 8!
Your Invocations skill increases to level 8!
The shadow imp gestures at you.
You struggle to resist.
The hornet zombie hits you.
* * * LOW HITPOINT WARNING * * *
The wyvern hisses menacingly.
The hornet zombie hits you but does no damage.
Some of the chunks of flesh in your inventory have rotted away.
You block the wyvern's attack. The wyvern bites you!
* * * LOW HITPOINT WARNING * * *
You block the wyvern's attack. The hornet zombie closely misses you.
The wyvern bites you!
* * * LOW HITPOINT WARNING * * *
The wyvern bites you!
You die...

▒▒▒▒▒▒··▒ ▒▒·▒······ ····F▒
··········▒▒▒····▒ ···········
·····' ······▒·▒▒▒··▒·▒
▒·▒·▒··▒··▒▒··▒·▒ · ▒▒▒╬▒▒
▒·▒···········▒·▒ ··· ·····▒
▒·▒·▒·[▒▒5▒▒·▒▒)▒·····
·····▒▒▒▒·▒·····@lZlO···'··%··
·····▒····▒··)·▒▒▒·▒·▒▒·▒·····
·····▒ ▒▒····<·)·▒···▒ ·▒ ···
·····▒·▒▒·▒·▒··▒·▒▒··▒ ·▒ ·
·······▒▒·········)··▒ ·▒
··········▒▒▒▒▒▒▒▒···▒ ·▒
·····▒▒▒▒'▒▒▒ ▒···▒ ·▒
·····▒······▒ ▒···▒ ·▒
▒╬▒▒▒▒······▒ ▒···▒


You could see a wyvern, an ogre, an iguana, a shadow imp and a hornet zombie.

Vanquished Creatures
  Harold (D:8)
  2 two-headed ogres
  Joseph (D:8)
  A hippogriff (D:8)
  A wyvern (D:8)
  2 wargs (D:8)
  A water moccasin (D:7)
  3 black bears
  4 ice beasts
  4 orc warriors
  A phantom (D:6)
  A centaur (D:8)
  2 bullfrogs
  A wyvern zombie (D:8)
  3 scorpions
  3 wights (D:8)
  2 crimson imps
  A quasit (D:7)
  2 bullfrog zombies
  2 bullfrog skeletons
  2 jellies
  Crazy Yiuf (D:3)
  A hound (D:6)
  7 orc priests
  4 worker ants
  5 iguanas
  7 orc wizards
  2 hound skeletons
  A worker ant zombie (D:5)
  6 adders
  2 shadow imps
  An ooze (D:3)
  An adder zombie (D:5)
  2 adder skeletons
  2 worms
  4 dart slugs
  32 orcs
  3 bats
  6 giant cockroaches
  5 goblins
  4 hobgoblins
  6 jackals (D:4)
  4 quokkas
  A ball python (D:3)
  5 frilled lizards
  A giant cockroach zombie (D:6)
  9 kobolds
  A leopard gecko zombie (D:6)
  4 rats
167 creatures vanquished.

Notes
Turn   | Place    | Note
-------+----------+-------------------------------------------
     0 | D:1      | Azzok the Troll Fighter began the quest for the Orb.
     0 | D:1      | Reached XP level 1. HP: 22/22 MP: 0/0
   108 | D:1      | Reached XP level 2. HP: 27/29 MP: 1/1
   871 | D:2      | Reached XP level 3. HP: 36/36 MP: 2/2
  1059 | D:2      | Found an ornate altar of the Wu Jian Council.
  1181 | D:2      | Reached skill level 3 in Unarmed Combat
  1441 | D:2      | Found a deep blue altar of Sif Muna.
  1441 | D:2      | Found a snail-covered altar of Cheibriados.
  1614 | D:2      | Became a worshipper of Cheibriados the Contemplative
  1808 | D:2      | Reached skill level 1 in Invocations
  1808 | D:2      | Reached XP level 4. HP: 8/44 MP: 3/3
  1938 | D:3      | Reached * piety under Cheibriados
  1938 | D:3      | Reached XP level 5. HP: 50/50 MP: 5/5
  2225 | D:3      | Found a runed translucent door.
  2226 | D:3      | Noticed Crazy Yiuf
  2232 | D:3      | Killed Crazy Yiuf
  2346 | D:4      | Reached skill level 4 in Unarmed Combat
  2379 | D:4      | Reached XP level 6. HP: 45/59 MP: 6/6
  2991 | D:4      | Reached ** piety under Cheibriados
  3059 | D:5      | Entered Level 5 of the Dungeon
  3131 | D:5      | Found an iron altar of Okawaru.
  3183 | D:5      | Found an opulent altar of Gozag.
  3199 | D:5      | Reached XP level 7. HP: 63/66 MP: 8/8
  3269 | D:5      | Found a staircase to the Ecumenical Temple.
  3311 | D:5      | Reached skill level 5 in Unarmed Combat
  3903 | D:6      | Found a sparkling altar of Nemelex Xobeh.
  3989 | D:6      | Reached skill level 5 in Shields
  4001 | D:6      | Reached XP level 8. HP: 74/74 MP: 10/10
  4066 | D:6      | Found Votogy's Jewellery Boutique.
  4072 | D:6      | Reached skill level 6 in Unarmed Combat
  4127 | D:6      | Found Herif's Jewellery Shoppe.
  4135 | D:6      | Reached *** piety under Cheibriados
  4414 | D:6      | Reached skill level 5 in Invocations
  4473 | D:6      | Found Cufi's Book Shoppe.
  4503 | D:6      | Found Kackiq's General Store.
  4506 | D:6      | Bought a scroll of teleportation for 42 gold pieces
  4681 | D:7      | Found Zin's Purification Station.
  4684 | D:7      | Found a glowing silver altar of Zin.
  4754 | D:7      | Found a white marble altar of Elyvilon.
  4772 | D:7      | Reached skill level 7 in Unarmed Combat
  5070 | D:7      | Reached XP level 9. HP: 80/80 MP: 12/12
  5289 | D:7      | Found Edal's Food Emporium.
  5377 | D:7      | Reached **** piety under Cheibriados
  5490 | D:8      | Noticed a two-headed ogre
  5490 | D:8      | Noticed a two-headed ogre
  5496 | D:7      | Killed a two-headed ogre
  5496 | D:7      | Reached skill level 8 in Unarmed Combat
  5550 | D:8      | Found a staircase to the Lair.
  5651 | D:8      | Noticed Harold
  5662 | D:8      | Killed Harold
  5662 | D:8      | Reached XP level 10. HP: 24/88 MP: 14/14
  5665 | D:8      | Reached skill level 9 in Unarmed Combat
  5866 | D:8      | Noticed Joseph
  5877 | D:8      | Killed Joseph
  5948 | D:8      | Reached ***** piety under Cheibriados
  5978 | D:8      | Killed a two-headed ogre
  5984 | D:8      | Mangled by a wyvern

Levels and vault maps discovered:
D:1:      nicolae_arrival_somewhat_less_tricky_arrival, layout_basic
D:2:      layout_basic, lemuel_doored_altar, gammafunk_temple_overflow_statue
D:3:      layout_rooms, uniq_crazy_yiuf_cottage
D:4:      layout_loops_ring, chequers_serial_rivers_small_a
D:5:      layout_basic, nicolae_overflow_crystal_walls, old_standard_altar,
          minmay_temple_entry_gardened_gates, first_ration
D:6:      layout_loops_ring, nemelex_xobeh_ov_fountains_minmay, serial_shops,
          shop, shop, kennysheep_mini_moat, nicolae_shop_crystal,
          grunt_ministairs_7
D:7:      layout_cave_pods, zin_purify, elyvilon_altar_5, serial_shops, shop
D:8:      layout_basic, erik_lair_orcish_takeover, uniq_harold, uniq_psyche,
          uniq_joseph

Skill      XL: |  1  2  3  4  5  6  7  8  9 10 |
---------------+-------------------------------+-----
Shields        | 3 4 5 6 7 8 |  8.2
Unarmed Combat | 3 4 5 7 8 9 |  9.4
Invocations    | 1 2 3 4 5 7 8 |  8.1
Fighting       | |  2.4
Dodging        | |  2.4

Action                   |  1- 3 |  4- 6 |  7- 9 | 10-12 || total
-------------------------+-------+-------+-------+-------++-------
Melee: Unarmed           |   124 |   145 |   209 |    44 ||   522
  Use: Scroll            |       |       |    10 |       ||    10
       Potion            |       |       |     2 |       ||     2
 Stab: Sleeping          |       |       |     2 |       ||     2
  Eat: Chunk             |    22 |     9 |    15 |     1 ||    47
Armor: Robe              |    27 |    31 |    32 |     6 ||    96
Dodge: Dodged            |    26 |    33 |    70 |    10 ||   139
Block: Shield            |    49 |    60 |   110 |    18 ||   237

Table legend:
 A = Non-vault XP
 B = Vault XP
 C = Vault XP percentage of total XP
 D = Non-vault monster count
 E = Vault monster count
 F = Vault count percentage of total count
                 A         B        C        D         E       F
            +---------+---------+-------+---------+---------+-------
      Total |    6176 |    2007 |  24.5 |     156 |      11 |   6.6
            +---------+---------+-------+---------+---------+-------
        D:1 |      35 |       0 |   0.0 |      18 |       0 |   0.0
        D:2 |     122 |       0 |   0.0 |      17 |       0 |   0.0
        D:3 |      61 |      40 |  39.6 |      16 |       1 |   5.9
        D:4 |     401 |       0 |   0.0 |      25 |       0 |   0.0
        D:5 |     287 |       0 |   0.0 |       9 |       0 |   0.0
        D:6 |    1155 |      14 |   1.2 |      25 |       2 |   7.4
        D:7 |    2095 |       0 |   0.0 |      22 |       0 |   0.0
        D:8 |    2020 |    1953 |  49.2 |      24 |       8 |  25.0
            +---------+---------+-------+---------+---------+-------
